 Dungeon Crawl Stone Soup version 0.31.0-11-ge490571c62 (webtiles) character file.

Game seed: 10601367491234629502

165 qw the Shooter (level 5, -2/26 HPs)
             Began as a Spriggan Hunter on Feb 3, 2024.
             Slain by an orc
             ... wielding a +0 dagger
              (3 damage)
             ... on level 5 of the Dungeon.
             The game lasted 00:00:13 (2710 turns).

qw the Shooter (Spriggan Hunter)                    Turns: 2710, Time: 00:00:14

Health: -2/26      AC:  2    Str:  7    XL:     5   Next: 21%
Magic:  6/6        EV: 20    Int: 11    God:
Gold:   3          SH:  0    Dex: 20    Spells: 4/4 levels left

rFire   . . .        a - +3 shortbow (drain)
rCold   . . .        (shield currently unavailable)
rNeg    . . .        c - +0 robe
rPois   .            (helmet restricted)
rElec   .            (no cloak)
rCorr   .            (gloves unavailable)
SInv    +            (boots unavailable)
Will    .....        (no amulet)
Stlth   ++           (no ring)
HPRegen 0.24/turn    (no ring)
MPRegen 0.10/turn

%: no passive effects
@: hasted, very quick
A: very small, no large weapons, unfitting armour, see invisible, speed 3
a: no special abilities


You were on level 5 of the Dungeon.
You visited 1 branch of the dungeon, and saw 5 of its levels.

You collected 156 gold pieces.
You spent 153 gold pieces at shops.


Innate Abilities, Weirdness & Mutations

You are very small and have problems with some larger weapons.
You are too small for most types of armour.
You have supernaturally acute eyesight. (SInv)
You cover ground extremely quickly. (Speed+++)


   Skills:
 - Level 2.0 Fighting
 + Level 5.4 Ranged Weapons
 - Level 5.0 Dodging
 - Level 1.5 Stealth


You had 4 spell levels left.
You didn't know any spells.
Your spell library was empty.

Inventory:

Hand Weapons
 a - a +3 shortbow of draining (weapon)
Armour
 c - a +0 robe (worn)
Wands
 e - a wand of acid (9)
 h - a wand of flame (17)
Potions
 b - a potion of haste
 d - 2 potions of curing
 f - 2 potions of resistance
 g - a potion of enlightenment
 j - a potion of attraction {unknown}

Dungeon Overview and Level Annotations

Branches:
Dungeon (5/15)
 Temple: D:4-7

Altars:
Elyvilon
Vehumet
The Shining One

Shops:
D:2 ?   D:4 !


Message History

You shoot an arrow. The arrow hits the orc.
You drain the orc.
You kill the orc!
2700 ||| RETREEEEATING.
You shoot an arrow. The arrow hits the orc!
You kill the orc!
You shoot an arrow. The arrow hits the orc!
You kill the orc!
The centaur shoots an arrow.
The arrow completely misses you.
The centaur shoots an arrow.
The arrow hits you!
Ouch! That really hurt!
You shoot an arrow. The arrow hits the orc.
You drain the orc.
The orc is almost dead.
The centaur shoots an arrow.
The arrow closely misses you.
You shoot an arrow. The arrow barely misses the orc. x2
The arrow hits the ogre.
The ogre is lightly wounded.
The orc hits you with a +0 club.
You shoot an arrow. The arrow hits the orc!
You kill the orc!
The orc completely misses you.
You shoot an arrow. The arrow barely misses the orc.
The arrow hits the ogre but does no damage.
The ogre is lightly wounded.
The orc hits you with a +0 dagger.
You shoot an arrow. The arrow hits the centaur.
The centaur is moderately wounded.
The centaur unwields a +0 orcbow.
The centaur hits you. The centaur completely misses you.
You shoot an arrow. The arrow hits the centaur!
The centaur is almost dead.
The centaur misses you. The centaur closely misses you.
You shoot an arrow. The arrow closely misses the centaur.
The arrow hits the ogre!
You drain the ogre.
The ogre is heavily wounded.
The orc barely misses you. The ogre closely misses you. The centaur hits you.
The centaur completely misses you.
You shoot an arrow. The arrow hits the centaur!
You kill the centaur!
The orc hits you with a +0 dagger.
You die...

.................>
#.......<.........
#.................
........<.........
#................
#.........o....oo
#..........oo...#
..##....##OO##..o
. ##.c.##o@# .
#....#(.##
...c.....#
####.......
#.#..... # ###...
##.#. ##


You could see 2 ogres, an orc wizard (invisible) and 3 orcs.

Vanquished Creatures
  A centaur (D:5)
  An orc wizard (D:4)
  4 adders
  4 dart slugs
  A ribbon worm (D:2)
  9 orcs
  4 bats
  9 endoplasms
  7 goblins
  6 hobgoblins
  6 jackals (D:4)
  5 quokkas
  2 ball pythons
  A frilled lizard (D:1)
  10 kobolds
  8 rats
78 creatures vanquished.

Notes
Turn   | Place    | Note
-------+----------+-------------------------------------------
     0 | D:1      | qw the Spriggan Hunter began the quest for the Orb.
     0 | D:1      | Reached XP level 1. HP: 10/10 MP: 2/2
     0 | D:1      | 0 ||| qw: Version: 0.3-a-158-g18b3111
     0 | D:1      | 0 ||| qw: Game counter: 4278
     0 | D:1      | 0 ||| qw: Melee chars always use a shield: true
     0 | D:1      | 0 ||| qw: God list: Okawaru
     0 | D:1      | 0 ||| qw: Allow faded altars: false
     0 | D:1      | 0 ||| qw: Do Orc after clearing Dungeon:15 true
     0 | D:1      | 0 ||| qw: Do second Lair branch before Depths: true
     0 | D:1      | 0 ||| qw: Lair rune preference: random
     0 | D:1      | 0 ||| qw: Goals: Normal
     0 | D:1      | 0 ||| PLANNING D:1-11
    28 | D:1      | Reached skill level 3 in Dodging
   151 | D:1      | Reached XP level 2. HP: 13/14 MP: 3/3
   419 | D:1      | Reached XP level 3. HP: 18/18 MP: 4/4
   734 | D:1      | 734 ||| DROPPING +6 ring of intelligence.
   735 | D:1      | 735 ||| READING scroll labelled WEOVA BUELA.
   736 | D:1      | 736 ||| READING scroll labelled YJUGAPRO YDATI.
   736 | D:1      | 736 ||| ENCHANTING +0 shortbow.
   737 | D:1      | 737 ||| DROPPING scroll of butterflies.
  1031 | D:2      | Found Xifu's Magic Scroll Boutique.
  1036 | D:2      | 1036 ||| BUYING scroll of enchant weapon (75 gold).
  1036 | D:2      | Bought a scroll of enchant weapon for 75 gold pieces
  1036 | D:2      | 1036 ||| SHOPLISTING scroll of identify (20 gold, have 18).
  1036 | D:2      | 1036 ||| SHOPLISTING scroll of teleportation (30 gold, have
                  | 18).
  1036 | D:2      | 1036 ||| READING scroll of enchant weapon.
  1036 | D:2      | 1036 ||| ENCHANTING +0 shortbow.
  1095 | D:2      | 1095 ||| READING scroll of enchant weapon.
  1095 | D:2      | 1095 ||| ENCHANTING +1 shortbow.
  1219 | D:2      | 1219 ||| READING scroll labelled VEGITT MOFAP.
  1219 | D:2      | 1219 ||| IDENTIFYING emerald potion
  1220 | D:2      | 1220 ||| READING scroll labelled DEAMEE OHER.
  1221 | D:2      | 1221 ||| READING scroll labelled PETHAOX HEADO.
  1222 | D:2      | 1222 ||| READING scroll labelled GALIPEWUNI.
  1223 | D:2      | 1223 ||| READING scroll labelled HOREAG ILOSM.
  1223 | D:2      | 1223 ||| BRANDING +2 shortbow.
  1224 | D:2      | 1224 ||| DRINKING 2 green potions.
  1226 | D:2      | 1226 ||| Stepping ~*~*~tactically~*~*~ (cloud).
  1227 | D:2      | 1227 ||| DRINKING potion of curing.
  1227 | D:2      | 1227 ||| (to cure poison)
  1229 | D:2      | 1229 ||| Stepping ~*~*~tactically~*~*~ (cloud).
  1316 | D:3      | 1316 ||| STAIRDANCE
  1319 | D:2      | Reached XP level 4. HP: 22/22 MP: 5/5
  1321 | D:3      | 1321 ||| STAIRDANCE
  1386 | D:3      | 1386 ||| READING scroll of enchant weapon.
  1386 | D:3      | 1386 ||| ENCHANTING +2 shortbow of draining.
  1461 | D:3      | Found a white marble altar of Elyvilon.
  1851 | D:3      | Found a radiant altar of Vehumet.
  1852 | D:3      | Found a glowing golden altar of the Shining One.
  1936 | D:3      | 1936 ||| READING scroll of identify.
  1936 | D:3      | 1936 ||| IDENTIFYING viscous ruby potion
  1937 | D:3      | 1937 ||| READING 2 scrolls labelled PEBAVIGIMI.
  2038 | D:3      | 2038 ||| READING scroll labelled YVVYDW ROLOSM.
  2039 | D:3      | 2039 ||| DRINKING 3 blue potions.
  2040 | D:3      | 2040 ||| DROPPING scroll of silence.
  2107 | D:4      | Found Uno Edi's Distillery.
  2487 | D:4      | Reached XP level 5. HP: 26/26 MP: 6/6
  2515 | D:4      | 2515 ||| READING scroll labelled VETYVV VATELI.
  2616 | D:4      | 2616 ||| BUYING 2 potions of curing (78 gold).
  2616 | D:4      | Bought 2 potions of curing for 78 gold pieces
  2616 | D:4      | 2616 ||| SHOPLISTING potion of curing (39 gold, have 3).
  2616 | D:4      | 2616 ||| SHOPLISTING potion of haste (130 gold, have 3).
  2616 | D:4      | 2616 ||| SHOPLISTING potion of might (52 gold, have 3).
  2691 | D:5      | Entered Level 5 of the Dungeon
  2691 | D:5      | Noticed an ogre
  2691 | D:5      | Noticed an ogre
  2692 | D:5      | 2692 ||| DRINKING 2 potions of haste.
  2693 | D:5      | Noticed a centaur
  2694 | D:5      | 2694 ||| RETREEEEATING.
  2695 | D:5      | 2695 ||| RETREEEEATING.
  2696 | D:5      | 2696 ||| RETREEEEATING.
  2698 | D:5      | 2698 ||| RETREEEEATING.
  2700 | D:5      | 2700 ||| RETREEEEATING.
  2706 | D:5      | HP: 6/26 [orc/+0 dagger (4)]
  2707 | D:5      | HP: 1/26 [centaur (5)]
  2710 | D:5      | Killed a centaur
  2710 | D:5      | Slain by an orc

Levels and vault maps discovered:
D:1:      sevenhm_arrival_forest_fort_large_4, layout_basic
D:2:      layout_rooms, serial_shops, nicolae_shop_tiny_statue_garden
D:3:      layout_basic, mainiacjoe_overflow_divided_tiny, elyvilon_altar_1,
          serial_corexii_hall, chequers_hall_statues_wall_a,
          corexii_hall_statues_x, kennysheep_generic_room_4
D:4:      layout_cave_pools, nicolae_inconvenience_store
D:5:      layout_cave_pools, uniq_crazy_yiuf_cottage

Skill      XL: |  1  2  3  4 |
---------------+-------------+-----
Dodging        | 3 4 5 |  5.0
Ranged Weapons | 5 |  5.4
Fighting       | 2 |  2.0
Stealth        | |  1.5

Action                     |  1- 3 |  4- 6 || total
---------------------------+-------+-------++-------
   Fire: Shortbow          |   116 |    66 ||   182
    Use: Scroll            |     9 |     5 ||    14
         Potion            |     2 |     2 ||     4
 Armour: Robe              |     9 |     8 ||    17
  Dodge: Dodged            |    40 |    20 ||    60

Table legend:
 A = Non-vault XP
 B = Vault XP
 C = Vault XP percentage of total XP
 D = Non-vault monster count
 E = Vault monster count
 F = Vault count percentage of total count
                 A         B        C        D         E       F
            +---------+---------+-------+---------+---------+-------
      Total |     340 |       2 |   0.6 |      77 |       1 |   1.3
            +---------+---------+-------+---------+---------+-------
        D:1 |      49 |       0 |   0.0 |      25 |       0 |   0.0
        D:2 |      54 |       0 |   0.0 |      17 |       0 |   0.0
        D:3 |      24 |       2 |   7.7 |      12 |       1 |   7.7
        D:4 |      95 |       0 |   0.0 |      18 |       0 |   0.0
        D:5 |     118 |       0 |   0.0 |       5 |       0 |   0.0
            +---------+---------+-------+---------+---------+-------
